 Dungeon Sprint DCSS version 0.17-a0-1719-g1afd5a1 (webtiles) character file.

205 Kidiri the Covered (level 5, -2/48 HPs)
             Began as a Minotaur Gladiator on Aug 28, 2015.
             Was a Follower of Okawaru.
             Slain by an orc warrior
             ... wielding a +0 long sword
              (19 damage)
             ... in the Dungeon (Sprint VII: "The Pits").
             The game lasted 00:04:04 (320 turns).

Kidiri the Covered (Minotaur Gladiator)              Turns: 320, Time: 00:04:04

Health: -2/48      AC:  9    Str: 21    XL:     5   Next: 52%
Magic:  4/6        EV: 10    Int:  5    God:    Okawaru [*.....]
Gold:   0          SH:  0    Dex: 10    Spells: 0 memorised, 4 levels left

rFire  . . .     SeeInvis .     b - +1 hand axe (freeze)
rCold  . . .     Clarity  .     t - +3 chain mail
rNeg   . . .     SustAt   .     (no shield)
rPois  .         Gourm    .     c - +0 hat
rElec  .         Spirit   .     (no cloak)
rCorr  .         Warding  .     (no gloves)
rMut   .         NoTele   +     (no boots)
MR     .....                    (no amulet)
Stlth  ..........               (no ring)
                                (no ring)

@: corroded equipment, very slightly contaminated, not resistant to hostile
enchantments, extremely unstealthy
A: retaliatory headbutt, horns 2
a: Heroism, Renounce Religion


You were in the Dungeon.
You worshipped Okawaru.
Okawaru was aware of your devotion.
You were not hungry.

You visited 1 branch

Inventory:

Hand weapons
 a - a +0 war axe
 b - a +1 hand axe of freezing (weapon)
Missiles
 d - 3 throwing nets (quivered)
Armour
 c - a +0 hat (worn)
 t - a +3 chain mail (worn)
Scrolls
 q - 3 scrolls of remove curse
 r - 5 scrolls of amnesia
 s - a scroll of summoning
Potions
 f - 6 potions of curing
 g - 2 potions of heal wounds
 h - a potion of haste
 i - 4 potions of magic
 j - 3 potions of berserk rage
 p - 2 potions of invisibility
Comestibles
 e - 8 bread rations
 l - 7 chunks of flesh
 n - 40 fruits
 o - 7 meat rations


   Skills:
 + Level 5.3 Fighting
 + Level 6.6 Axes
 + Level 4.6 Throwing
 * Level 7.0 Armour
 + Level 6.1 Dodging
 + Level 3.9 Invocations


You had 4 spell levels left.
You didn't know any spells.

Dungeon Overview and Level Annotations

Branches:
Dungeon (1/1)

Altars:
Ashenzari
Cheibriados
Dithmenos
Elyvilon
Fedhas
Gozag
Kikubaaqudgha
Makhleb
Nemelex Xobeh
Okawaru
Qazlal
Ru
Sif Muna
Trog
Vehumet
Xom
Yredelemnul
Zin
The Shining One
Beogh
Jiyva
Lugonu


Innate Abilities, Weirdness & Mutations

You reflexively headbutt those who attack you in melee.
You have a pair of horns on your head.


Message History

Okawaru accepts your kill.
Your Fighting skill increases to level 5!
Unknown command.
You hit the orc warrior but do no damage.
Your headbutt misses the orc warrior.
The orc warrior is moderately wounded.
The orc wizard casts a spell.
The orc wizard seems to speed up.
The orc warrior hits you with a long sword!!
Unknown command.
You hit the orc wizard. You freeze the orc wizard.
You kill the orc wizard!
Okawaru accepts your kill.
You can now gain great but temporary skills.
Your Armour skill increases to level 7!
Your Dodging skill increases to level 6!
You barely miss the orc warrior.
The orc warrior is moderately wounded.
The orc warrior hits you with a long sword!!
You die...

############
#__________#
#__________#
#.#####+##############++
#_#)))+.+..##...........
#_#).)#.#?(##......#..#.
#######+#####...........
#oS..ooooSo@)...........
#o#####+#####......#..#.
#.#...#.#..##...........
#o#...#.#))#####+#####++
#.#...+.#))##.......#
#S##+####))##.......#
#o#.รทรท..#[[##.......#
#.#.....#+###...<...#
#.#........##.......#


You could see an orc warrior, an orc priest, an orc wizard, 2 orcs and a ball
python.

Vanquished Creatures
  An ice beast (D)
  A jelly (D)
  An orc wizard (D)
  An orc priest (D)
  An adder (D)
  An ooze (D)
  A giant gecko (D)
  An orc (D)
  2 bats (D)
  2 jackals (D)
  3 giant newts (D)
15 creatures vanquished.

Vanquished Creatures (others)
  A greater mummy (D)
  A pearl dragon (D)
  A deep elf master archer (D)
  An azure jelly (D)
  A draconian knight (D)
5 creatures vanquished.

Grand Total: 20 creatures vanquished

Notes
Turn   | Place    | Note
--------------------------------------------------------------
     0 | D        | Kidiri the Minotaur Gladiator began the quest for the Orb.
     0 | D        | Reached XP level 1. HP: 18/18 MP: 0/0
    19 | D        | Killed a pearl dragon
    56 | D        | Found a sacrificial altar of Ru.
    56 | D        | Found a basalt altar of Yredelemnul.
    56 | D        | Found a shadowy altar of Dithmenos.
    56 | D        | Found a deep blue altar of Sif Muna.
    56 | D        | Found a burning altar of Makhleb.
    56 | D        | Found a shimmering altar of Xom.
    56 | D        | Found an ancient bone altar of Kikubaaqudgha.
    56 | D        | Found a sparkling altar of Nemelex Xobeh.
    57 | D        | Found a glowing golden altar of the Shining One.
    57 | D        | Found a bloodstained altar of Trog.
    57 | D        | Found a shattered altar of Ashenzari.
    57 | D        | Found a white marble altar of Elyvilon.
    57 | D        | Found a snail-covered altar of Cheibriados.
    57 | D        | Found a blossoming altar of Fedhas.
    57 | D        | Found a radiant altar of Vehumet.
    57 | D        | Found a glowing silver altar of Zin.
    57 | D        | Found a corrupted altar of Lugonu.
    57 | D        | Found a viscous altar of Jiyva.
    57 | D        | Found a roughly hewn altar of Beogh.
    57 | D        | Found an iron altar of Okawaru.
    63 | D        | Found a stormy altar of Qazlal.
    64 | D        | Found an opulent altar of Gozag.
    66 | D        | Became a worshipper of Warmaster Okawaru
    69 | D        | Killed a greater mummy
    88 | D        | Reached skill level 1 in Armour
    90 | D        | Reached skill level 4 in Axes
   102 | D        | Reached skill level 1 in Invocations
   102 | D        | Reached XP level 2. HP: 22/25 MP: 1/1
   143 | D        | Killed an azure jelly
   146 | D        | Reached skill level 5 in Axes
   206 | D        | Killed a deep elf master archer
   269 | D        | Noticed an orc warrior
   269 | D        | Noticed an orc priest
   269 | D        | Noticed an orc wizard
   269 | D        | Noticed an orc priest
   270 | D        | Noticed an ice beast
   271 | D        | Noticed an orc wizard
   271 | D        | Noticed a jelly
   272 | D        | Killed a green draconian knight
   275 | D        | Killed an orc priest
   275 | D        | Reached XP level 3. HP: 17/31 MP: 3/3
   303 | D        | HP: 1/31 [ice beast (13)]
   307 | D        | Killed an ice beast
   307 | D        | Reached skill level 6 in Axes
   307 | D        | Reached skill level 5 in Dodging
   307 | D        | Reached XP level 4. HP: 29/41 MP: 3/5
   307 | D        | Reached XP level 5. HP: 33/47 MP: 3/6
   318 | D        | Killed a jelly
   318 | D        | Reached skill level 5 in Fighting
   320 | D        | Killed an orc wizard
   320 | D        | Acquired Okawaru's first power
   320 | D        | Reached skill level 7 in Armour
   320 | D        | Slain by an orc warrior

Vault maps used:
D:        pitsprint

Action                   |  1- 3 |  4- 6 || total
-------------------------+-------+-------++-------
Melee: Hand axe          |    32 |     4 ||    36
  Use: Potion            |     3 |     1 ||     4
       Scroll            |       |     1 ||     1
